 Dungeon Sprint DCSS version 0.31-a0-931-g7b59d4eb97 (webtiles) character file.

Game seed: 8969198597116828749

25647 sircluck the Brawler (level 12, -8/128 HPs)
             Began as a Troll Berserker on Oct 19, 2023.
             Was a Priest of Trog.
             Killed from afar by a fire giant (21 damage)
             ... with a bolt of fire
             ... in the Dungeon (Sprint I: "Red Sonja").
             The game lasted 00:15:40 (3460 turns).

sircluck the Brawler (Troll Berserker)              Turns: 3460, Time: 00:15:41

Health: -8/128     AC:  6    Str: 38    XL:     12   Next: 91%
Magic:  11/11      EV: 19    Int:  3    God:    Trog [***...]
Gold:   5205       SH:  0    Dex:  9    Spells: 11/11 levels left

rFire   . .          .
                       - Unarmed
rCold   . . .        (no shield)
rNeg    . . .        m - +0 troll leather armour
rPois   .            (helmet restricted)
rElec   +            (no cloak)
rCorr   .            (gloves unavailable)
SInv    .            (boots unavailable)
Will    .....        (no amulet)
Stlth   +++          j - +5 ring of evasion
HPRegen 2.01/turn    q - ring "Kiext" {rElec Str+6}
MPRegen 0.12/turn

%: no teleportation, random rage (3%)
@: on berserk cooldown, slowed, studying Stealth, very slow
A: large, unfitting armour, claws 3, regeneration 1, shaggy fur 1, tough skin 1,
berserk 1, frail 1, screaming 2
a: Renounce Religion, Berserk, Trog's Hand


You were in the Dungeon.
You worshipped Trog.
Trog was most pleased with you.
You visited 1 branch You collected 6513 gold pieces.
You spent 1308 gold pieces at shops.

Inventory:

Missiles
 s - 8 atropa-tipped darts
Armour
 a - a +0 animal skin
 m - a +0 troll leather armour (worn)
 p - +0 gold dragon scales
Jewellery
 j - a +5 ring of evasion (left claw)
 n - an amulet of reflection
 q - the ring "Kiext" (right claw) {rElec Str+6}
   (You bought it in a shop in the Dungeon)

   [ring of strength]

   Str+6:     It affects your strength (+6).
   rElec:     It insulates you from electricity.
Wands
 h - a wand of charming (20)
Scrolls
 g - a scroll of blinking
 i - a scroll of immolation {unknown}
 k - a scroll of poison {unknown}
 l - a scroll of identify
 r - 2 scrolls of enchant weapon {unknown}
Potions
 b - 3 potions of curing
 d - a potion of haste
 e - 2 potions of magic
 f - a potion of berserk rage
 o - a potion of degeneration


   Skills:
 + Level 15.5 Fighting
 + Level 11.1 Armour
 + Level 15.4 Dodging
 + Level 7.3 Stealth
 + Level 18.1 Unarmed Combat


You had 11 spell levels left.
You didn't know any spells.
Your spell library was empty.

Dungeon Overview and Level Annotations

Branches:
Dungeon (1/1)

Altars:
Cheibriados
Dithmenos
Elyvilon
Fedhas
Gozag
Hepliaklqana
Kikubaaqudgha
Makhleb
Nemelex Xobeh
Okawaru
Qazlal
Ru
Sif Muna
Trog
Uskayaw
Vehumet
Wu Jian
Xom
Yredelemnul
Zin
The Shining One
Jiyva
Lugonu

Shops:
D ::[?*?*([?(=*[[(?(?[*(

Annotations:
D exclusion: oklob plant


Innate Abilities, Weirdness & Mutations

You are too large for most types of armour.
You have claws for hands.
Your natural rate of healing is unusually fast.
You are covered in fur. (AC +1)
You have tough skin. (AC +1)
You sometimes lose your temper in combat.
You are frail. (-10% HP)
You frequently scream uncontrollably at your foes.


Message History

Unknown command.
You slam the door shut with a bang, pushing everything out of the way!
You see here a +3 great sword of flaming.
A fire giant breaks down the door.
You are too injured to fight recklessly!
You are too injured to fight recklessly!
You are too injured to fight recklessly!
You are too injured to fight recklessly!
You are too injured to fight recklessly!
You feel a strong urge to attack something.
There is a broken door, spattered with blood here.
You scratch the fire giant.
The fire giant is lightly wounded.
You mangle the fire giant!!
The fire giant is moderately wounded.
You are no longer berserk.
You are exhausted.
You feel yourself slow down.
The fire giant hits you with a +0 great sword of flaming!
The fire giant burns you.
Unknown command.
Unknown command.
Unknown command.
Unknown command.
You feel much better.
Your skin stops crawling.
You feel less strong-willed.
The fire giant hits you with a +0 great sword of flaming!
The fire giant burns you.
The fire giant hits you with a +0 great sword of flaming!!
* * * LOW HITPOINT WARNING * * *
The fire giant burns you!
* * * LOW HITPOINT WARNING * * *
Unknown command.
Unknown command.
Blink to where?
Press: ? - help, Q - select action, (/) - cycle Dir - move target
As you read the scroll of blinking, it crumbles to dust.
The fire giant points at you and mumbles some strange words.
The bolt of fire hits you!!
You die...

#..#§.)§')..§§.'..#..+§.§§#):....
##§#.####..§§§##..'..#§.§§##)[...
§.§#.#:###§.§#######'#§§§§§#####.
#..§§#'#.##§)#).)##..#§§§§.#...#.
#+####...#.#§##...#..##§§§.#.∩.#.
°°.°.#...###§§###.#..≈###'##...#.
..○○.☼○....##§..#.#..≈.)§§####'#.
##°○○#..○..#..#.#.#..≈.##§#.§§§##
.#°..###°'##.##.@.#..≈##.....§§.#
.#..###°°###..#'###..≈#....§.....
.#..####..###...#P≈..##...†§.§...
§##'#..#..#.###.#M≈..#......}....
.##.#.○.......#.###..#.....§§....
§####...○°....#)#.+..##......§...
§#)['....○.####C#.##'##..........
.#####...###...C#.#~~~##........#
§#![$#####...####,#~~~~##[..).[##


You could see 2 fire giants.

Vanquished Creatures
  the Lernaean hydra (D)
  A golden dragon (D)
  A shadow dragon (D)
  A fire giant (D)
  A lorocyproca (D)
  A deep elf annihilator (D)
  2 centaur warriors (D)
  A demonic crawler (D)
  Sonja (D)
  A deep troll (D)
  2 shining eyes (D)
  An oklob plant (D)
  A merfolk siren (D)
  2 gargoyles (D)
  7 unseen horrors (D)
  2 kobold demonologists (D)
  A meliai (D)
  A hellwing (D)
  4 hornets (D)
  A slime creature (D)
  Sigmund (D)
  A yak (D)
  13 hogs (D)
  2 redbacks (D)
  2 floating eyes (D)
  An ogre (D)
  7 necrophages (D)
  8 jellies (D)
  Ijyb (D)
69 creatures vanquished.

Vanquished Creatures (collateral kills)
  A daeva (D)
  A hydra (D)
  3 demonic crawlers (D)
  A lindwurm (D)
  6 shining eyes (D)
  A merfolk siren (D)
  5 floating eyes (D)
18 creatures vanquished.

Vanquished Creatures (others)
  A hornet (D)
  2 ballistomycete spores (D)
3 creatures vanquished.

Grand Total: 90 creatures vanquished

Notes
Turn   | Place    | Note
-------+----------+-------------------------------------------
     0 | D        | sircluck the Troll Berserker began the quest for the Orb.
     0 | D        | Reached XP level 1. HP: 22/22 MP: 0/0
     1 | D        | Noticed Ijyb
     4 | D        | Killed Ijyb
     5 | D        | Reached skill level 4 in Unarmed Combat
     5 | D        | Reached XP level 2. HP: 32/32 MP: 1/1
    62 | D        | Noticed an ogre
    68 | D        | Noticed Sigmund
    74 | D        | Killed Sigmund
    75 | D        | Reached skill level 5 in Fighting
    75 | D        | Reached skill level 5 in Dodging
    75 | D        | Reached skill level 7 in Unarmed Combat
    75 | D        | Reached XP level 3. HP: 44/44 MP: 2/2
    75 | D        | Reached XP level 4. HP: 52/52 MP: 3/3
    75 | D        | Reached XP level 5. HP: 59/59 MP: 4/4
    80 | D        | Killed an ogre
    80 | D        | Reached ** piety under Trog
    98 | D        | Found an ornate altar of the Wu Jian Council.
    98 | D        | Found a shimmering blue altar of Sif Muna.
   100 | D        | Found a radiant altar of Vehumet.
   104 | D        | Reached XP level 6. HP: 68/68 MP: 5/5
   132 | D        | Found a burning altar of Makhleb.
   132 | D        | Found a viscous altar of Jiyva.
   132 | D        | Found a shimmering altar of Xom.
   132 | D        | Found a corrupted altar of Lugonu.
   132 | D        | Noticed a slime creature
   142 | D        | Killed a slime creature
   143 | D        | Reached skill level 9 in Unarmed Combat
   214 | D        | Found Poipt's Magic Scroll Emporium.
   214 | D        | Found an ancient bone altar of Kikubaaqudgha.
   214 | D        | Found a hazy altar of Hepliaklqana.
   214 | D        | Found a hide-covered altar of Uskayaw.
   214 | D        | Found a basalt altar of Yredelemnul.
   214 | D        | Found an opulent altar of Gozag.
   214 | D        | Found a snail-covered altar of Cheibriados.
   214 | D        | Found a sacrificial altar of Ru.
   214 | D        | Found a shadowy altar of Dithmenos.
   214 | D        | Noticed a yak
   219 | D        | Killed a yak
   219 | D        | Reached *** piety under Trog
   220 | D        | Reached XP level 7. HP: 70/80 MP: 6/6
   220 | D        | Found a stormy altar of Qazlal.
   220 | D        | Found a blossoming altar of Fedhas.
   220 | D        | Found a bloodstained altar of Trog.
   220 | D        | Found an iron altar of Okawaru.
   220 | D        | Found a glowing golden altar of the Shining One.
   220 | D        | Found a glowing silver altar of Zin.
   220 | D        | Found a white marble altar of Elyvilon.
   221 | D        | Found a sparkling altar of Nemelex Xobeh.
   249 | D        | Noticed a kobold demonologist
   249 | D        | Noticed a kobold demonologist
   250 | D        | Paralysed by a floating eye for 3 turns
   256 | D        | Noticed a hellwing
   261 | D        | Noticed a rust devil
   262 | D        | Killed a kobold demonologist
   263 | D        | Reached skill level 10 in Unarmed Combat
   263 | D        | Noticed a hellwing
   264 | D        | Killed a kobold demonologist
   264 | D        | Reached **** piety under Trog
   265 | D        | Reached skill level 11 in Unarmed Combat
   265 | D        | Reached XP level 8. HP: 92/92 MP: 7/7
   313 | D        | Noticed a centaur warrior
   314 | D        | Noticed a centaur warrior
   322 | D        | Killed a centaur warrior
   323 | D        | Reached skill level 10 in Fighting
   323 | D        | Reached skill level 10 in Dodging
   327 | D        | Killed a centaur warrior
   328 | D        | Reached skill level 12 in Unarmed Combat
   328 | D        | Reached XP level 9. HP: 62/102 MP: 8/8
   478 | D        | Noticed a deep troll
   481 | D        | Killed a deep troll
   482 | D        | Reached skill level 13 in Unarmed Combat
   505 | D        | Found Noteoqets's Armour Emporium.
   539 | D        | Reached skill level 1 in Armour
   554 | D        | Noticed an oklob plant
   558 | D        | Killed an oklob plant
   558 | D        | Reached ***** piety under Trog
   863 | D        | Killed an unseen horror
   863 | D        | Identified the +11 dire flail "Boefifue" {flame, Contam
                  | rN+++ Int-3 Stlth+} (Trog gifted it to you in the Dungeon)
   863 | D        | Received a gift from Trog
   864 | D        | Reached XP level 10. HP: 103/115 MP: 9/9
  1166 | D        | Reached skill level 14 in Unarmed Combat
  1204 | D        | Found Zegost's Antique Weapon Boutique.
  1205 | D        | Found Huriod's Magic Scroll Emporium.
  1206 | D        | Found Eblubroa's General Store.
  1211 | D        | Reached ****** piety under Trog
  1212 | D        | Received a gift from Trog
  1224 | D        | Identified the +5 ring mail of the Hall of Blades {Str+3}
  1232 | D        | Found Fimi's Weapon Shoppe.
  1232 | D        | Found Pirouromm's General Store.
  1232 | D        | Found Soisih's Armour Boutique.
  1234 | D        | Found Otimaosy's Magic Scroll Emporium.
  1234 | D        | Found Tougher's Antique Weapon Shop.
  1234 | D        | Found Ostua's Jewellery Shoppe.
  1234 | D        | Found Tanywaim's General Store.
  1234 | D        | Found Kuestrudd's Armour Emporium.
  1234 | D        | Found Qaeddukh's Antique Armour Shop.
  1234 | D        | Found Caihih's Weapon Shoppe.
  1238 | D        | Found Imeudaez's Magic Scroll Boutique.
  1262 | D        | Bought the ring "Kiext" {rElec Str+6} for 550 gold pieces
  1263 | D        | Bought a scroll of acquirement for 676 gold pieces
  1303 | D        | Noticed Sonja
  1307 | D        | Killed Sonja
  1308 | D        | Reached skill level 5 in Armour
  1390 | D        | Found Qasch's Book Boutique.
  1401 | D        | Noticed a shining eye
  1401 | D        | Noticed a shining eye
  1401 | D        | Noticed a shining eye
  1404 | D        | Killed a shining eye
  1405 | D        | Paralysed by a floating eye for 4 turns
  1406 | D        | Killed a shining eye
  1409 | D        | Killed a shining eye
  1411 | D        | Paralysed by a floating eye for 4 turns
  1411 | D        | Received a gift from Trog
  1418 | D        | Noticed a shining eye
  1418 | D        | Noticed a shining eye
  1418 | D        | Noticed a shining eye
  1418 | D        | Gained mutation: You have hidden genetic defects. [a
                  | shining eye]
  1422 | D        | Killed a shining eye
  1422 | D        | Killed a shining eye
  1423 | D        | Reached skill level 15 in Unarmed Combat
  1423 | D        | Reached XP level 11. HP: 127/127 MP: 10/10
  1424 | D        | Gained mutation: You are frail. (-10% HP) [a shining eye]
  1428 | D        | Killed a shining eye
  1433 | D        | Noticed a shining eye
  1433 | D        | Noticed a shining eye
  1433 | D        | Gained mutation: You occasionally shout uncontrollably at
                  | your foes. [a shining eye]
  1441 | D        | Gained mutation: You frequently scream uncontrollably at
                  | your foes. [hidden defects]
  1443 | D        | Lost mutation: You have hidden genetic defects. [a shining
                  | eye]
  1446 | D        | Gained mutation: You sometimes lose your temper in combat.
                  | [a shining eye]
  1447 | D        | Killed a shining eye
  1449 | D        | Killed a shining eye
  1457 | D        | Found Hepsug's Book Shoppe.
  1457 | D        | Found Woplapri's General Store.
  1457 | D        | Found Hulesig's Antique Armour Emporium.
  1457 | D        | Found Xilarch's Magic Scroll Boutique.
  1470 | D        | Bought a scroll of revelation for 82 gold pieces
  1528 | D        | Noticed a fire giant
  1528 | D        | Noticed a fire giant
  1528 | D        | Noticed a fire giant
  1649 | D        | Noticed a demonic crawler
  1649 | D        | Noticed a demonic crawler
  1649 | D        | Noticed a demonic crawler
  1649 | D        | Noticed a demonic crawler
  1649 | D        | Killed a demonic crawler
  1651 | D        | Killed a demonic crawler
  1652 | D        | Killed a demonic crawler
  1654 | D        | Killed a demonic crawler
  1655 | D        | Reached skill level 16 in Unarmed Combat
  1665 | D        | Noticed a lindwurm
  1669 | D        | Killed a lindwurm
  1688 | D        | Received a gift from Trog
  1711 | D        | Received a gift from Trog
  1761 | D        | Acquired a manual of Stealth
  1800 | D        | Killed a lorocyproca
  2047 | D        | Noticed a 12-headed hydra
  2049 | D        | Killed a 14-headed hydra
  2049 | D        | Received a gift from Trog
  2356 | D        | Noticed a deep elf annihilator
  2360 | D        | Killed a deep elf annihilator
  2361 | D        | Reached XP level 12. HP: 126/126 MP: 11/11
  2366 | D        | Noticed a mummy priest
  2369 | D        | Reached skill level 17 in Unarmed Combat
  2375 | D        | Received a gift from Trog
  2468 | D        | Noticed a daeva
  2480 | D        | Killed a daeva
  2481 | D        | Reached skill level 10 in Armour
  2559 | D        | Reached skill level 5 in Stealth
  2860 | D        | Noticed the 27-headed Lernaean hydra
  2872 | D        | Killed the 26-headed Lernaean hydra
  2873 | D        | Reached skill level 15 in Fighting
  2873 | D        | Reached skill level 15 in Dodging
  2910 | D        | Noticed a shadow dragon
  2910 | D        | Noticed a golden dragon
  2915 | D        | Killed a shadow dragon
  2922 | D        | Killed a golden dragon
  2923 | D        | Reached skill level 18 in Unarmed Combat
  3021 | D        | Identified the +9 triple crossbow of Wos Waso {speed, rN+
                  | Str+2 Stlth+}
  3030 | D        | Found Doq Ybbu's Weapon Shoppe.
  3247 | D        | Identified the +0 ring mail of the Equinox {rF+ rN+}
  3322 | D        | Noticed a deep elf master archer
  3434 | D        | Noticed a fire giant
  3453 | D        | Killed a fire giant
  3460 | D        | Killed from afar by a fire giant

Illustrated notes

Levels and vault maps discovered:
D:        dungeon_sprint_1 [red_sonja_temple_1, red_sonja_temple_small_1]

Skill      XL: |  1  2  3  4  5  6  7  8  9 10 11 12 |
---------------+-------------------------------------+-----
Fighting       | 3 5 6 8 9 10 11 13 14 15 | 15.5
Dodging        | 3 5 6 7 9 10 11 12 14 15 | 15.4
Unarmed Combat | 4 7 9 11 12 13 15 16 18 | 18.1
Armour         | 3 6 9 11 | 11.1
Stealth        | 3 7 |  7.3

Action                     |  1- 3 |  4- 6 |  7- 9 | 10-12 || total
---------------------------+-------+-------+-------+-------++-------
  Melee: Unarmed           |     6 |    17 |    40 |   170 ||   233
         Punch             |     1 |       |     1 |    17 ||    19
 Invoke: Berserk           |     1 |       |     2 |     6 ||     9
         Brothers in Arms  |       |       |       |    11 ||    11
         Trog's Hand       |       |       |       |     1 ||     1
  Evoke: Wand              |     1 |       |       |     4 ||     5
    Use: Scroll            |       |       |       |     4 ||     4
         Potion            |       |       |       |     5 ||     5
 Armour: Animal skin       |     2 |     7 |    22 |       ||    31
         Troll leather arm |       |       |    11 |   310 ||   321
  Dodge: Dodged            |     1 |     5 |    21 |   156 ||   183

Table legend: (Time is in decaauts)
 A = Elapsed time spent in this place.
 B = Non-inter-level travel time spent in this place.
 C = Inter-level travel time spent in this place.
 D = Time resting spent in this place.
 E = Time spent auto-exploring this place.
 F = Levels seen in this place.
 G = Mean time per level.
                   A        B        C        D        E       F      G
               +--------+--------+--------+--------+--------+-----+--------+
         Total |   3490 |   3280 |    210 |   1404 |    182 |   1 | 3490.0 |
       Dungeon |   3490 |   3280 |    210 |   1404 |    182 |   1 | 3490.0 |
               +--------+--------+--------+--------+--------+-----+--------+

Top non-repeatable levels by time:
       D: 3490 daAuts
